 Dungeon Crawl Stone Soup version 0.13.0-25-g43d4df3 (webtiles) character file.

702 Econoterrorist the Cudgeler (level 7, -7/43 HPs)
             Began as a Gargoyle Fighter on Oct 28, 2013.
             Killed by divine providence
             ... invoked by an orc priest
              (12 damage)
             ... on Level 5 of the Dungeon.
             The game lasted 00:11:52 (3278 turns).

Econoterrorist the Cudgeler (Gargoyle Fighter)      Turns: 3278, Time: 00:11:52

HP  -7/43        AC 15     Str 24      XL: 7   Next: 20%
MP   6/6         EV 10     Int 10      God:
Gold 185         SH 19     Dex 10      Spells:  0 memorised,  6 levels left

Res.Fire  : . . .   See Invis. : .   a - +0,-1 mace
Res.Cold  : . . .   Warding    : .   z - +0 chain mail
Life Prot.: + . .   Conserve   : .   k - +0 shield
Res.Poison: +       Res.Corr.  : .   (no helmet)
Res.Elec. : +       Clarity    : .   x - +0 dwarf cloak
Sust.Abil.: . .     Spirit.Shd : .   (no gloves)
Res.Mut.  : .       Stasis     : .   (no boots)
Res.Rott. : +       Flight     : .   (no amulet)
Saprovore : . . .                    (no ring)
                                     A - +5 ring of evasion

@: mighty, slightly resistant to hostile enchantments, extremely unstealthy
A: fangs 1, talons 2, life protection 1, electricity resistance, slow metabolism
1, unbreathing, petrification resistance, AC +4
a: no special abilities


You were on level 5 of the Dungeon.
You were not hungry.

You visited 1 branch of the dungeon, and saw 5 of its levels.

You collected 165 gold pieces.

Inventory:

Hand weapons
 a - a +0,-1 mace (weapon)
Armour
 k - a +0 shield (worn)
 x - a +0 dwarven cloak (worn)
 z - a +0 chain mail (worn)
Comestibles
 d - 6 bread rations
 h - a meat ration
 r - 2 pears
 v - 5 grapes
Scrolls
 c - a scroll of fog {unknown}
 e - a scroll of amnesia {unknown}
 i - 2 scrolls of recharging {unknown}
 j - a scroll of enchant weapon I {unknown}
 l - 2 scrolls of remove curse {unknown}
 m - 4 scrolls of identify {unknown}
 n - a scroll of fear {unknown}
 o - 2 scrolls of random uselessness {unknown}
 p - 4 scrolls of teleportation {unknown}
 s - a scroll of enchant armour {unknown}
 y - a scroll of magic mapping {unknown}
Jewellery
 A - a +5 ring of evasion (left hand)
Potions
 b - a potion of resistance {unknown}
 f - 2 potions of might
 g - a potion of mutation {unknown}
 q - a potion of flight {unknown}
 t - 4 potions of heal wounds {unknown}
 u - a potion of speed {unknown}
 w - 2 potions of berserk rage {unknown}


   Skills:
 + Level 3.9 Fighting
 + Level 7.3 Maces & Flails
 + Level 4.1 Armour
 + Level 4.0 Shields


You had 6 spell levels left.
You didn't know any spells.

Dungeon Overview and Level Annotations

Branches:
Dungeon (5/27)
 Temple: D:4-7

Altars:
Elyvilon
Xom

Shops:
D:5 [


Innate Abilities, Weirdness & Mutations

You are resistant to torment.
You are immune to poison.
Your stone body is very resilient (AC +4).
You have very sharp teeth.
You have razor-sharp toenails.
You resist negative energy.
You are resistant to electric shocks.
You have a slow metabolism.
You can survive without breathing.
You are immune to petrification.


Message History

The orc hits you but does no damage.
You hit the orc.
The orc is severely wounded.
The orc misses you.
The orc priest invokes the aid of Beogh against you.
Something smites you! The orc hits you but does no damage.
You hit the orc priest but do no damage.
You claw the orc priest.
The orc priest is lightly wounded.
The orc hits you but does no damage.
The orc priest mumbles some strange prayers to Beogh against you.
Something smites you!
* * * LOW HITPOINT WARNING * * *
Drink which item? (? for menu, Esc to quit)
You feel very mighty all of a sudden.
It was a potion of might.
You block the orc's attack.
The orc priest invokes the aid of Beogh against you.
Something smites you!
You die...

##.....#..
########..#.#.#..
#..............###
#.###.##..#.#...#..
#.##..#.............
#.##.##.#.#.#.......#
#.##.#.##...........#
#.##.##...#)#.......#. ..
#....##o@(.).........##.
#.#######o).#.#.......#.#.
#....o...##..............##
#.......#.#.###...........
#.####....... ##..#####..#
..o #.......####.# #..#.
... #.##.##.#....#####....
. #.##....#.#####.%..... #.
####[#....##.###.##


You could see an orc priest and an orc.

Vanquished Creatures
  A phantom (D:4)
  A crimson imp (D:4)
  A jelly (D:5)
  An iguana (D:4)
  2 scorpions (D:4)
  4 worker ants
  6 adders
  A giant mite (D:1)
  4 worms
  5 giant geckos
  An ooze (D:1)
  5 orcs (D:4)
  2 ball pythons
  5 giant cockroaches
  6 hobgoblins
  7 jackals
  A quokka (D:2)
  4 bats
  7 giant newts
  A giant newt skeleton (D:4)
  17 goblins
  A jackal skeleton (D:4)
  14 kobolds
  A kobold skeleton (D:5)
  12 rats
110 creatures vanquished.

Vanquished Creatures (others)
  A yak (D:4)
  2 hounds (D:4)
  An orc wizard (D:4)
  A scorpion (D:4)
  An ooze (D:4)
  A jackal (D:4)
  A quokka (D:4)
  A gnoll skeleton (D:4)
  2 kobolds (D:4)
11 creatures vanquished.

Grand Total: 121 creatures vanquished

Notes
Turn   | Place    | Note
--------------------------------------------------------------
     0 | D:1      | Econoterrorist, the Gargoyle Fighter, began the quest for the Orb.
     0 | D:1      | Reached XP level 1. HP: 14/14 MP: 0/0
   255 | D:1      | Reached XP level 2. HP: 19/19 MP: 1/1
   531 | D:1      | Reached XP level 3. HP: 24/24 MP: 2/2
   565 | D:1      | Reached skill level 4 in Maces & Flails
   860 | D:2      | Reached XP level 4. HP: 28/28 MP: 3/3
  1246 | D:2      | Reached skill level 5 in Maces & Flails
  1730 | D:3      | Reached XP level 5. HP: 28/33 MP: 4/4
  1995 | D:4      | Killed a yak
  2020 | D:4      | Found a shimmering altar of Xom.
  2021 | D:4      | Noticed a phantom
  2270 | D:4      | Killed a phantom
  2270 | D:4      | Reached skill level 6 in Maces & Flails
  2270 | D:4      | Reached XP level 6. HP: 35/38 MP: 5/5
  2286 | D:4      | Reached skill level 7 in Maces & Flails
  3001 | D:5      | Entered Level 5 of the Dungeon
  3041 | D:5      | Found a white marble altar of Elyvilon.
  3070 | D:5      | Reached XP level 7. HP: 43/43 MP: 6/6
  3190 | D:5      | Found Sisiom's Antique Armour Shop.
  3278 | D:5      | Killed from afar by an orc priest

Action                   |  1- 3 |  4- 6 |  7- 9 || total
-------------------------+-------+-------+-------++-------
Melee: Mace              |    91 |   214 |    34 ||   339
  Use: Potion            |       |       |     1 ||     1
